[Event "Titled Tuesday Blitz January 10 Early 2023"]
[White "Hamley, Ryan"]
[Black "Rychkov, Roman"]
[WhiteFideId "30959497"]
[BlackFideId "30985595"]
[WhiteElo "2092"]
[BlackElo "2023"]
[Result "1-0"]
[Round "02"]
[TimeControl "180+2"]
[Date "2023.01.10"]
[WhiteClock "0:01:08"]
[BlackClock "0:00:04"]

1. d4 Nf6 2. c4 e6 3. Nf3 d5 4. Nc3 Bb4 5. Qa4+ Nc6 6. cxd5 exd5 7. Bg5 h6 8. Bxf6 Qxf6 9. e3 O-O 10. Be2 Bf5 11. O-O Rad8 12. Qb3 Bxc3 13. bxc3 b6 14. Rac1 Be4 15. Nd2 Qg6 16. Nxe4 dxe4 17. c4 Kh8 18. c5 Ne7 19. cxb6 cxb6 20. Rc7 Nd5 21. Rxa7 Rd6 22. h3 Qg5 23. Rc1 Rg6 24. Bf1 Rf6 25. Rd7 Rf5 26. Rc2 Rd8 27. Rxd8+ Qxd8 28. Qc4 Qf6 29. Qc8+ Kh7 30. Rc6 Qg5 31. h4 Qh5 32. Be2 Rf3 33. gxf3 Ne7 34. Qd7 Nxc6 35. Qxc6 exf3 36. Qxf3 Qxh4 37. Bd3+ f5 38. Qxf5+ Kg8 39. Bc4+ 1-0


[Site "https://www.chess.com"]

[Event "Titled Tuesday Blitz January 10 Early 2023"]
[White "Makhmudov, Shukhrat"]
[Black "Yelisieiev, Yevhenii"]
[WhiteFideId "14200775"]
[BlackFideId "14139642"]
[WhiteElo "2115"]
[BlackElo "2418"]
[Result "0-1"]
[Round "02"]
[TimeControl "180+2"]
[Date "2023.01.10"]
[WhiteClock "0:00:40"]
[BlackClock "0:00:25"]

1. e4 d6 2. d4 Nf6 3. Nc3 e5 4. dxe5 dxe5 5. Qxd8+ Kxd8 6. Bc4 Ke8 7. Bg5 c6 8. a3 Nbd7 9. O-O-O b5 10. Bf1 a5 11. a4 b4 12. Na2 Nxe4 13. Be3 Bc5 14. Nh3 Bxe3+ 15. fxe3 Ndc5 16. Rg1 Be6 17. Kb1 Nxa4 18. Bd3 Nac5 19. Nc1 Ke7 20. Bxe4 Nxe4 21. Nd3 f6 22. Nhf2 Nxf2 23. Nxf2 Rhd8 24. e4 Rxd1+ 25. Nxd1 Rd8 26. Kc1 a4 27. Re1 c5 28. Re3 Rd4 29. Nf2 Rd7 30. g4 Ra7 31. h3 a3 32. bxa3 bxa3 33. Kb1 a2+ 34. Ka1 Rb7 35. Re1 Bc4 36. Rc1 Kd6 37. Nd1 Ke6 38. Ne3 Rb4 39. Rd1 g6 40. c3 Ra4 41. Rd2 Bb3 42. Rb2 Rxe4 43. Rxb3 Rxe3 44. h4 Re2 45. c4 e4 46. Rb7 f5 47. Rxh7 fxg4 48. Rg7 Kf6 49. Rc7 g3 50. Rxc5 g2 51. Rg5 Re1+ 0-1


[Site "https://www.chess.com"]

[Event "Titled Tuesday Blitz January 10 Early 2023"]
[White "Kukelko, Alexey"]
[Black "Bashirli, Saadat"]
[WhiteFideId "14153084"]
[BlackFideId "13429990"]
[WhiteElo "2311"]
[BlackElo "1571"]
[Result "1-0"]
[Round "02"]
[TimeControl "180+2"]
[Date "2023.01.10"]
[WhiteClock "0:00:55"]
[BlackClock "0:01:15"]

1. e4 c5 2. Ne2 g6 3. Nbc3 Bg7 4. d4 cxd4 5. Nxd4 Nc6 6. Be3 Nf6 7. Nxc6 bxc6 8. e5 Ng8 9. Bd4 Qa5 10. f4 f6 11. Qd2 fxe5 12. fxe5 Bxe5 13. Qg5 d6 14. Bxe5 Qxe5+ 15. Qxe5 dxe5 16. O-O-O Bg4 17. Re1 Nf6 18. Rxe5 Rd8 19. Bc4 Bf5 20. Rhe1 Rd7 21. h3 h5 22. Be6 Bxe6 23. Rxe6 Kf7 24. Rxc6 Rb8 25. b3 Nd5 26. Nxd5 Rxd5 27. Rc7 Rg5 28. Rexe7+ Kg8 29. Re2 a5 30. a4 Rf8 31. Kb2 Rd5 32. Rb7 Rc8 33. Rb5 Rxb5 34. axb5 Rb8 35. c4 Kf7 36. Ka3 Kf6 37. Ka4 Ra8 38. b6 Rb8 39. Kxa5 Ra8+ 40. Kb5 Rb8 1-0


[Site "https://www.chess.com"]

[Event "Titled Tuesday Blitz January 10 Early 2023"]
[White "Soham Kamotra"]
[Black "Luxama, Jacques Muller"]
[WhiteFideId "46647490"]
[BlackFideId "11900113"]
[WhiteElo "2319"]
[BlackElo "1933"]
[Result "1-0"]
[Round "02"]
[TimeControl "180+2"]
[Date "2023.01.10"]
[WhiteClock "0:00:28"]
[BlackClock "0:00:02"]

1. d4 Nf6 2. Nf3 e6 3. Bf4 d5 4. e3 Bd6 5. Nbd2 O-O 6. Bd3 c5 7. c3 Nc6 8. Bg3 b6 9. e4 dxe4 10. Nxe4 Nxe4 11. Bxe4 Bb7 12. dxc5 Bxc5 13. Qa4 Rc8 14. Rd1 Qe7 15. O-O Rfd8 16. Rxd8+ Qxd8 17. Re1 a6 18. Bb1 Ne7 19. Rd1 Nd5 20. Qe4 g6 21. c4 Qf6 22. cxd5 Bxd5 23. Qe5 Qe7 24. Bh4 Qb7 25. Qf6 Bxf3 26. gxf3 Qc6 27. Rd8+ Rxd8 28. Qxd8+ Kg7 29. Bf6+ Kh6 30. Qd2+ 1-0


[Site "https://www.chess.com"]

[Event "Titled Tuesday Blitz January 10 Early 2023"]
[White "Goltseva, Ekaterina"]
[Black "Alfaro, William"]
[WhiteFideId "24173770"]
[BlackFideId "6100457"]
[WhiteElo "2283"]
[BlackElo "2134"]
[Result "1-0"]
[Round "02"]
[TimeControl "180+2"]
[Date "2023.01.10"]
[WhiteClock "0:00:12"]
[BlackClock "0:00:09"]

1. Nf3 Nf6 2. c4 g6 3. Nc3 Bg7 4. e4 d6 5. d4 O-O 6. Be2 e5 7. O-O Nc6 8. d5 Ne7 9. Ne1 Nd7 10. Nd3 f5 11. f3 f4 12. b4 a5 13. bxa5 Rxa5 14. a4 g5 15. Ba3 b6 16. Bb4 Ra8 17. a5 Bb7 18. axb6 Nxb6 19. Qb3 c5 20. dxc6 Nxc6 21. c5+ d5 22. cxb6 Qxb6+ 23. Kh1 Nd4 24. Qb2 Rxa1 25. Rxa1 Rb8 26. Nxd5 Bxd5 27. exd5 e4 28. fxe4 Nxe2 29. e5 Qe3 30. Qd2 Qd4 31. Rd1 f3 32. gxf3 Nf4 33. Nxf4 Qxf4 34. Qxf4 gxf4 35. Bd6 Rb2 36. e6 Bf6 37. Bxf4 Kf8 38. d6 Ke8 39. d7+ Kd8 40. Re1 Rb6 41. Kg2 Rb2+ 42. Kh3 Rc2 43. Bd6 Rd2 44. e7+ Bxe7 45. Bxe7+ Kxd7 46. Bg5 Rd5 47. Bf4 Rh5+ 48. Kg3 Rb5 49. Re5 Rb4 50. Rh5 Ke6 51. Rxh7 Kf5 52. Rf7+ Kg6 53. Rf8 Rb1 54. h4 Rg1+ 55. Kh3 Kh5 56. Rh8+ Kg6 57. Rg8+ Kf5 58. Rxg1 1-0


[Site "https://www.chess.com"]

[Event "Titled Tuesday Blitz January 10 Early 2023"]
[White "Gurevich, Dmitry"]
[Black "Jenkins, Drake"]
[WhiteFideId "2000407"]
[BlackFideId "2022397"]
[WhiteElo "2393"]
[BlackElo "2130"]
[Result "1-0"]
[Round "02"]
[TimeControl "180+2"]
[Date "2023.01.10"]
[WhiteClock "0:00:46"]
[BlackClock "0:00:01"]

1. d4 Nf6 2. c4 c5 3. Nf3 g6 4. d5 b5 5. cxb5 a6 6. b6 Qxb6 7. Nc3 Bg7 8. e4 d6 9. Be2 O-O 10. O-O a5 11. Nd2 Ba6 12. Nc4 Bxc4 13. Bxc4 a4 14. Qe2 a3 15. Rb1 axb2 16. Bxb2 Qa5 17. Ba1 Nbd7 18. Rb5 Qa7 19. f4 Nb6 20. e5 Nfd7 21. e6 Nf6 22. h3 Nxc4 23. Qxc4 fxe6 24. dxe6 Rfb8 25. Rfb1 Rxb5 26. Rxb5 Rb8 27. a4 h6 28. Kh2 Kh7 29. a5 Qa6 30. Qb3 Ra8 31. f5 gxf5 32. Qb1 Ne4 33. Nxe4 Bxa1 34. Ng3 Be5 35. Qxf5+ Kh8 36. Rb3 Qxa5 37. Qg6 Qe1 38. Rf3 1-0


[Site "https://www.chess.com"]

[Event "Titled Tuesday Blitz January 10 Early 2023"]
[White "Le, Tuan Minh"]
[Black "Lesbekova, Assel"]
[WhiteFideId "12401153"]
[BlackFideId "13713248"]
[WhiteElo "2542"]
[BlackElo "1772"]
[Result "0-1"]
[Round "02"]
[TimeControl "180+2"]
[Date "2023.01.10"]
[WhiteClock "0:00:02"]
[BlackClock "0:00:08"]

1. d4 f5 2. e4 fxe4 3. Nc3 Nf6 4. Bg5 Nc6 5. d5 Ne5 6. Qd4 Nf7 7. Bxf6 exf6 8. O-O-O Be7 9. Qxe4 d6 10. h4 O-O 11. g4 f5 12. gxf5 Nh6 13. Nh3 Bxf5 14. Qc4 a6 15. Rg1 b5 16. Qd4 Bf6 17. Qe3 Ng4 18. Qf3 Qd7 19. Ne4 Nh2 20. Nxf6+ Rxf6 21. Qc3 Bg4 22. Rd3 Nxf1 23. Rxf1 Raf8 24. Ng5 Rxf2 25. Rxf2 Rxf2 26. Qe1 Re2 27. Qg3 h6 28. Nf3 Qf5 29. Ne1 Qe4 30. Nf3 Re3 31. Ng1 Rxg3 32. Rxg3 Qe1# 0-1


[Site "https://www.chess.com"]

[Event "Titled Tuesday Blitz January 10 Early 2023"]
[White "Howell, David W L"]
[Black "Dinu, Dumitru-Daniel"]
[WhiteFideId "410608"]
[BlackFideId "1208403"]
[WhiteElo "2677"]
[BlackElo "2203"]
[Result "1-0"]
[Round "02"]
[TimeControl "180+2"]
[Date "2023.01.10"]
[WhiteClock "0:00:18"]
[BlackClock "0:00:02"]

1. e4 c5 2. Nf3 e6 3. Nc3 Nc6 4. g3 g6 5. d4 cxd4 6. Nxd4 Bg7 7. Ndb5 Nge7 8. Nd6+ Kf8 9. Bg2 Qa5 10. O-O Kg8 11. Be3 Qb4 12. Rb1 Be5 13. Ncb5 a6 14. c3 Qa5 15. Na3 b5 16. f4 Bxc3 17. bxc3 Qxa3 18. Qd2 Kg7 19. f5 exf5 20. exf5 Kf8 21. Bh6+ Kg8 22. Ne8 f6 23. Qd5+ 1-0


[Site "https://www.chess.com"]

[Event "Titled Tuesday Blitz January 10 Early 2023"]
[White "Horcajuelo Rocamora, Martin"]
[Black "Babazada, Khazar"]
[WhiteFideId "24573027"]
[BlackFideId "13413554"]
[WhiteElo "2107"]
[BlackElo "2474"]
[Result "0-1"]
[Round "02"]
[TimeControl "180+2"]
[Date "2023.01.10"]
[WhiteClock "0:00:19"]
[BlackClock "0:00:11"]

1. e4 c5 2. Nf3 e6 3. d4 cxd4 4. Nxd4 a6 5. g3 Qc7 6. Bg2 Nf6 7. O-O Be7 8. b3 d6 9. c4 Nbd7 10. Bb2 O-O 11. Nc3 Rb8 12. Rc1 b6 13. f4 Bb7 14. Qe2 Rbc8 15. h3 Qb8 16. Kh2 Qa8 17. g4 Nc5 18. Rce1 Bd8 19. g5 Nfd7 20. b4 e5 21. Nf5 Ne6 22. Nxd6 Nxf4 23. Qg4 Rc7 24. Rxf4 exf4 25. Qxf4 Qb8 26. Kh1 Rxc4 27. Qd2 Rxb4 28. Ba3 a5 29. Bxb4 axb4 30. Ncb5 Nc5 31. Nf5 Qe5 32. Qxb4 Nd3 33. Qd2 Nxe1 34. Qxe1 Bc6 35. Nbd6 Bc7 36. Qh4 Bxd6 37. Kg1 Bc5+ 38. Kh1 Qa1+ 39. Kh2 Qg1+ 40. Kg3 Bf2+ 41. Kf3 Bxh4 0-1


[Site "https://www.chess.com"]

[Event "Titled Tuesday Blitz January 10 Early 2023"]
[White "Kozak, Adam"]
[Black "Forgacs, Attila Jr."]
[WhiteFideId "753246"]
[BlackFideId "773654"]
[WhiteElo "2572"]
[BlackElo "2264"]
[Result "1-0"]
[Round "02"]
[TimeControl "180+2"]
[Date "2023.01.10"]
[WhiteClock "0:00:50"]
[BlackClock "0:00:06"]

1. e4 e5 2. a3 Nf6 3. Nc3 Nc6 4. Bc4 Be7 5. d3 O-O 6. g4 d6 7. g5 Ne8 8. h4 Be6 9. Nge2 Bxc4 10. dxc4 f6 11. Qd5+ Kh8 12. g6 h6 13. Ng3 Nd4 14. Qa5 Nxc2+ 15. Ke2 Nxa1 16. Qa4 c6 17. Be3 Nc7 18. Rxa1 Ne6 19. Nf5 c5 20. Rg1 Qe8 21. Qd1 Nd4+ 22. Bxd4 exd4 23. Nd5 Bd8 24. Kf3 Qe5 25. Qd2 Bb6 26. h5 Rae8 27. Rg4 Qh2 28. Qd1 Qxh5 29. Nf4 Qxg4+ 30. Kxg4 Rxe4 31. Qf3 Rfe8 32. Nxd6 Bc7 33. Nxe4 f5+ 34. Kxf5 Rf8+ 35. Kg4 Rxf4+ 36. Qxf4 Bxf4 37. Kxf4 Kg8 38. Nxc5 b6 39. Ne6 1-0


[Site "https://www.chess.com"]

[Event "Titled Tuesday Blitz January 10 Early 2023"]
[White "Nathan, Nitish"]
[Black "Makarian, Rudik"]
[WhiteFideId "30927870"]
[BlackFideId "44105681"]
[WhiteElo "2071"]
[BlackElo "2545"]
[Result "1/2-1/2"]
[Round "02"]
[TimeControl "180+2"]
[Date "2023.01.10"]
[WhiteClock "0:00:34"]
[BlackClock "0:01:13"]

1. d4 Nf6 2. Bf4 c5 3. c3 d5 4. e3 Nc6 5. Nd2 cxd4 6. exd4 Bg4 7. Ngf3 e6 8. Qb3 Qc8 9. Bd3 Be7 10. h3 Bh5 11. O-O O-O 12. Ne5 Nxe5 13. Bxe5 Bg6 14. Bxg6 hxg6 15. Rac1 Qd7 16. Bxf6 gxf6 17. Nf3 b5 18. Rfe1 Kg7 19. Re2 Bd6 20. Rce1 Rfe8 21. Nd2 a5 22. a3 Rab8 23. Qc2 Rh8 24. Nf3 Rh5 25. Rc1 Rbh8 26. Nh2 Bxh2+ 27. Kxh2 g5 28. Re3 g4 29. Rg3 f5 30. Qe2 Qd6 31. Rh1 Kf6 32. Kg1 gxh3 33. Rgxh3 Rxh3 34. Rxh3 Rxh3 35. gxh3 b4 36. axb4 axb4 37. Qh5 Qf4 38. Qh8+ Ke7 39. cxb4 Qc1+ 40. Kg2 Qxb2 41. Qe5 Qxb4 42. Qc7+ Kf6 43. Qe5+ Kg6 44. Qg3+ Kh7 45. Qh4+ Kg8 46. Qg5+ Kf8 47. Qd8+ Kg7 48. Qg5+ Kh7 49. Qh5+ Kg7 50. Qg5+ Kh7 51. Qh5+ Kg7 52. Qg5+ 1/2-1/2


[Site "https://www.chess.com"]

[Event "Titled Tuesday Blitz January 10 Early 2023"]
[White "Rozman, Levy"]
[Black "Leve, Nitai"]
[WhiteFideId "2039877"]
[BlackFideId "2006898"]
[WhiteElo "2322"]
[BlackElo "2128"]
[Result "1-0"]
[Round "02"]
[TimeControl "180+2"]
[Date "2023.01.10"]
[WhiteClock "0:01:00"]
[BlackClock "0:00:04"]

1. d4 Nf6 2. Bg5 d5 3. Nd2 Bf5 4. e3 e6 5. Bd3 Bg6 6. f4 c5 7. Ngf3 cxd4 8. Bxg6 hxg6 9. exd4 Nc6 10. c3 Qb6 11. Bxf6 gxf6 12. Qb3 Qc7 13. g3 Bd6 14. O-O-O O-O-O 15. Kb1 Kb8 16. h4 Rc8 17. Rh2 a6 18. Rdh1 Rh5 19. Qd1 b5 20. Qe2 Qb7 21. Rc1 Rhh8 22. Ne1 b4 23. Nb3 a5 24. Nd3 bxc3 25. Rxc3 Ka7 26. Nbc5 Qb6 27. Rb3 Nxd4 28. Rxb6 Nxe2 29. Rxd6 Nxg3 30. Rc2 Rxh4 31. Ra6+ Kb8 32. Nd7+ Kb7 33. Rb6+ Ka7 34. Rxc8 1-0


[Site "https://www.chess.com"]

[Event "Titled Tuesday Blitz January 10 Early 2023"]
[White "AidenRchess"]
[Black "Harsha Bharathakoti"]
[BlackFideId "5078776"]
[WhiteElo "2385"]
[BlackElo "2602"]
[Result "0-1"]
[Round "02"]
[TimeControl "180+2"]
[Date "2023.01.10"]
[WhiteClock "0:00:08"]
[BlackClock "0:00:36"]

1. e4 g6 2. d4 Bg7 3. Nc3 d6 4. Be3 a6 5. Qd2 b5 6. h4 h5 7. Nh3 Bxh3 8. Rxh3 Nd7 9. f4 Ngf6 10. e5 Ng4 11. Be2 Nxe3 12. Qxe3 e6 13. O-O-O Qe7 14. Ne4 d5 15. Ng5 c5 16. g4 cxd4 17. Qxd4 hxg4 18. Bxg4 Rc8 19. Kb1 Rc4 20. Qa7 Rxf4 21. Qa8+ Qd8 22. Qxd8+ Kxd8 23. Bxe6 Nxe5 24. Bxd5 Kc7 25. Re3 Kb6 26. Rde1 Rd8 27. Bb3 Rd7 28. a3 f6 29. Ne6 Rxh4 30. a4 bxa4 31. Ba2 Bh6 32. Rg3 Bf4 33. Ra3 Bd2 34. Rf1 f5 35. c3 Be3 36. Nf8 Rd6 37. Re1 f4 38. Ne6 Nf3 39. Re2 Rh1+ 40. Kc2 Rc1# 0-1


[Site "https://www.chess.com"]

[Event "Titled Tuesday Blitz January 10 Early 2023"]
[White "Rengifo Blancas, Renzo Jhonathan"]
[Black "Nogerbek, Kazybek"]
[WhiteFideId "3807185"]
[BlackFideId "13710427"]
[WhiteElo "2131"]
[BlackElo "2474"]
[Result "1-0"]
[Round "02"]
[TimeControl "180+2"]
[Date "2023.01.10"]
[WhiteClock "0:00:04"]
[BlackClock "0:00:02"]

1. d4 Nf6 2. Nf3 e6 3. c4 d5 4. g3 h6 5. Bg2 Bd6 6. O-O Nc6 7. Nc3 O-O 8. b3 dxc4 9. bxc4 e5 10. d5 Na5 11. Nd2 b6 12. Qc2 Ba6 13. Nb5 Qd7 14. a4 c6 15. Nxd6 Qxd6 16. dxc6 Rfd8 17. Ne4 Qxc6 18. Nxf6+ Qxf6 19. Bxa8 Rxa8 20. c5 Rc8 21. Be3 Nc4 22. Qe4 bxc5 23. Rac1 Nd6 24. Qg4 c4 25. Rfd1 Bb7 26. f3 a6 27. Rb1 Rc7 28. Rxd6 Qxd6 29. Rxb7 c3 30. Rb8+ Kh7 31. Qe4+ g6 32. Qa8 c2 33. Rh8+ Kg7 34. Bxh6+ Kf6 35. Rd8 Qc5+ 36. Kg2 g5 37. Qxa6+ Rc6 38. Qb7 c1=Q 39. Rd7 Q5g1+ 40. Kh3 Qcf1+ 41. Kg4 1-0


[Site "https://www.chess.com"]

[Event "Titled Tuesday Blitz January 10 Early 2023"]
[White "Yuan, Qingyu"]
[Black "Tarasova, Viktoriya"]
[WhiteFideId "8609772"]
[BlackFideId "4175840"]
[WhiteElo "2373"]
[BlackElo "2226"]
[Result "1-0"]
[Round "02"]
[TimeControl "180+2"]
[Date "2023.01.10"]
[WhiteClock "0:00:22"]
[BlackClock "0:00:07"]

1. e4 e5 2. Nf3 Nc6 3. Bb5 Nf6 4. d3 Bc5 5. Bxc6 dxc6 6. Nbd2 Nd7 7. Nc4 f6 8. O-O O-O 9. Nh4 Re8 10. Kh1 Nf8 11. Be3 Be7 12. Nf5 Bxf5 13. exf5 c5 14. a4 b6 15. a5 b5 16. Nd2 Qd7 17. Qf3 a6 18. Rfd1 g6 19. fxg6 hxg6 20. Ne4 Qc6 21. Nxc5 Qxf3 22. gxf3 Bxc5 23. Bxc5 Ne6 24. Be3 c5 25. Rg1 Kf7 26. Rg3 Rh8 27. Rag1 g5 28. Kg2 Rh4 29. Rh3 Rah8 30. Rxh4 Rxh4 31. b3 Ke7 32. h3 Kd6 33. Kh2 Kd5 34. Rg4 Rh8 35. Rg1 Kd6 36. Rg4 Kc6 37. Rg1 Kd6 38. Kg3 Kc6 39. Kg4 Ng7 40. Rh1 Rh4+ 41. Kg3 Nf5+ 42. Kg2 c4 43. bxc4 bxc4 44. Rb1 cxd3 45. cxd3 Nxe3+ 46. fxe3 Ra4 47. Rb6+ Kc5 48. Rxa6 Ra3 49. Rxf6 Rxa5 50. Rf5 Ra2+ 51. Kg3 Kd6 52. Rxg5 Rd2 53. Rg8 Ke6 54. Rd8 Ke7 55. Rd5 Ke6 56. e4 Rd1 57. f4 Rg1+ 58. Kf2 Rh1 59. Rxe5+ 1-0


[Site "https://www.chess.com"]

[Event "Titled Tuesday Blitz January 10 Early 2023"]
[White "Karabalis, Harilos"]
[Black "Arjun, Kalyan"]
[WhiteFideId "4621808"]
[BlackFideId "35018701"]
[WhiteElo "2252"]
[BlackElo "2516"]
[Result "0-1"]
[Round "02"]
[TimeControl "180+2"]
[Date "2023.01.10"]
[WhiteClock "0:00:08"]
[BlackClock "0:01:28"]

1. c4 b6 2. Nc3 Bb7 3. e4 e5 4. Nge2 Nc6 5. g3 g6 6. Bg2 Bg7 7. d3 Nge7 8. O-O O-O 9. f4 f5 10. Be3 d6 11. Qd2 Nd4 12. Rf2 Qd7 13. Raf1 Nxe2+ 14. Qxe2 Rae8 15. b3 exf4 16. Bxf4 Bxc3 17. Bh6 Bg7 18. Bxg7 Kxg7 19. Qb2+ Kg8 20. Qe2 fxe4 21. dxe4 Rxf2 22. Qxf2 Nc6 23. e5 Nd8 24. Bxb7 Nxb7 25. exd6 Nxd6 26. Qd4 Qe6 27. Rf2 Qe1+ 28. Kg2 Qe4+ 29. Qxe4 Rxe4 30. a4 Re3 31. Rb2 Ne4 32. a5 bxa5 33. Ra2 Rxb3 34. Rxa5 Rc3 35. Rxa7 Rxc4 36. h4 Nd6 37. h5 gxh5 38. Kf3 Kg7 39. Ra5 Kg6 40. Ra8 Rc3+ 41. Kf4 Rc4+ 42. Kf3 Nf7 43. Rg8+ Kf6 44. Rc8 Ne5+ 45. Kf2 Rc2+ 46. Ke3 Rc3+ 47. Kf2 c5 48. Rc7 Kg6 49. Re7 Ng4+ 50. Kg2 c4 51. Rc7 Rc1 52. Kh3 c3 53. Rc6+ Kf7 54. Rh6 Nxh6 0-1


[Site "https://www.chess.com"]

[Event "Titled Tuesday Blitz January 10 Early 2023"]
[White "Tanenbaum, Zachary"]
[Black "Buscar, Michael"]
[WhiteFideId "2060850"]
[BlackFideId "2603616"]
[WhiteElo "2261"]
[BlackElo "2041"]
[Result "1-0"]
[Round "02"]
[TimeControl "180+2"]
[Date "2023.01.10"]
[WhiteClock "0:00:06"]
[BlackClock "0:00:01"]

1. e4 c5 2. Nf3 Nc6 3. Nc3 Nf6 4. Bb5 g6 5. e5 Ng4 6. Qe2 Bg7 7. Bxc6 dxc6 8. h3 Nh6 9. d3 Nf5 10. O-O Nd4 11. Nxd4 cxd4 12. Nb1 Qd5 13. Re1 Be6 14. Bg5 h6 15. Bh4 g5 16. Bg3 O-O-O 17. Nd2 h5 18. Nc4 h4 19. Bh2 g4 20. hxg4 h3 21. Qe4 hxg2 22. Qxd5 Bxd5 23. Nd2 Bh6 24. Ne4 Rdg8 25. f3 Be3+ 26. Kxg2 Bxe4 27. dxe4 e6 28. Rad1 c5 29. c3 Kc7 30. cxd4 Bxd4 31. Re2 Kc6 32. b4 b6 33. Rc2 Kb5 34. bxc5 Bxc5 35. Rd7 a5 36. Rxf7 Rd8 37. f4 Rd3 38. f5 Rdh3 39. Bg3 Rh1 40. Kf3 1-0


[Site "https://www.chess.com"]

[Event "Titled Tuesday Blitz January 10 Early 2023"]
[White "Santos Ruiz, Miguel"]
[Black "Khalafova, Narmin"]
[WhiteFideId "22291482"]
[BlackFideId "13402625"]
[WhiteElo "2590"]
[BlackElo "2246"]
[Result "1-0"]
[Round "02"]
[TimeControl "180+2"]
[Date "2023.01.10"]
[WhiteClock "0:00:20"]
[BlackClock "0:00:35"]

1. e4 c5 2. Nf3 d6 3. c3 Nf6 4. Be2 g6 5. O-O Bg7 6. Bb5+ Nbd7 7. Re1 O-O 8. d4 e5 9. dxe5 Nxe5 10. Nxe5 dxe5 11. f3 Be6 12. Qxd8 Rfxd8 13. Bf1 a6 14. Be3 c4 15. a4 b5 16. Na3 Rab8 17. axb5 axb5 18. Nc2 Nd7 19. Nb4 Rdc8 20. Ra7 Bf8 21. Rd1 Bc5 22. Bxc5 Nxc5 23. Kf2 Na4 24. Rd2 Rd8 25. Nd5 Kg7 26. Bxc4 Nxc3 27. bxc3 bxc4 28. Rc7 Rdc8 29. Rxc8 Rxc8 30. Rb2 Bxd5 31. exd5 Rc5 32. d6 Rd5 33. Rb6 Kf6 34. Rc6 Ke6 35. Rxc4 Rd2+ 36. Kf1 Kxd6 37. Rc8 Rc2 38. h4 f5 39. Rh8 e4 40. fxe4 fxe4 41. Rxh7 e3 42. Rh6 Ke5 43. Rxg6 Kf4 44. h5 Rf2+ 45. Ke1 Rc2 46. h6 e2 47. h7 Ke3 48. Re6+ Kd3 49. h8=Q Rc1+ 50. Kf2 Rf1+ 51. Kg3 e1=Q+ 52. Rxe1 Rxe1 53. Qd4+ Kc2 54. c4 Rd1 55. Qxd1+ Kxd1 56. c5 Kd2 57. c6 Kd1 58. c7 Kd2 59. c8=Q Kd1 60. Qd7+ Kc2 61. Kf3 Kc3 62. Ke3 Kc2 63. Qc6+ 1-0


[Site "https://www.chess.com"]

[Event "Titled Tuesday Blitz January 10 Early 2023"]
[White "Bobkov, Vadim"]
[Black "Flynn, Jacob"]
[WhiteFideId "34110876"]
[BlackFideId "2509393"]
[WhiteElo "2249"]
[BlackElo "2102"]
[Result "0-1"]
[Round "02"]
[TimeControl "180+2"]
[Date "2023.01.10"]
[WhiteClock "0:00:01"]
[BlackClock "0:00:21"]

1. d4 Nf6 2. c4 e6 3. Nc3 Bb4 4. f3 c5 5. d5 b5 6. e4 O-O 7. Ne2 bxc4 8. a3 Ba5 9. d6 Nc6 10. g3 Ne5 11. Bg2 Nd3+ 12. Kf1 Ba6 13. f4 Ng4 14. Qa4 Rb8 15. Rb1 Qb6 16. h3 Ngf2 17. Rg1 Nxc1 18. Kxf2 Nxe2 19. Kxe2 Bxc3 20. bxc3 Qxd6 21. Rgd1 Qc6 22. Qxc6 dxc6 23. e5 h5 24. Bxc6 Rb3 25. Ra1 Rxc3 26. Rdc1 Rxg3 27. Rd1 Rb8 28. Ra2 Rbb3 29. Rd8+ Kh7 30. Be4+ g6 31. Rd7 Kg7 32. Rxa7 Rxh3 33. Rxa6 Rh2+ 34. Kd1 Rxa2 35. a4 Rg3 36. Bb1 Rg1# 0-1


[Site "https://www.chess.com"]

[Event "Titled Tuesday Blitz January 10 Early 2023"]
[White "Rian, Kapriaga"]
[Black "Domingo Nunez, Ruben"]
[WhiteFideId "7103263"]
[BlackFideId "22245570"]
[WhiteElo "2089"]
[BlackElo "2416"]
[Result "0-1"]
[Round "02"]
[TimeControl "180+2"]
[Date "2023.01.10"]
[WhiteClock "0:00:01"]
[BlackClock "0:00:50"]

1. d4 g6 2. Nf3 Bg7 3. Bf4 Nf6 4. e3 d6 5. h3 O-O 6. Be2 Nbd7 7. O-O b6 8. Bh2 Bb7 9. c4 Ne4 10. Nbd2 e5 11. Nxe4 Bxe4 12. dxe5 Nxe5 13. Nxe5 dxe5 14. Bf3 Bxf3 15. Qxf3 Qe7 16. Rfd1 Qb4 17. Qe2 Rad8 18. b3 a5 19. Rxd8 Rxd8 20. Rd1 Rd6 21. Kh1 Bf6 22. f3 a4 23. Rxd6 cxd6 24. Qd1 Bh4 25. Bg1 axb3 26. axb3 b5 27. cxb5 Qxb5 28. e4 Bg3 29. Be3 h5 30. Kg1 Qc6 31. Qd2 Qa6 32. Qd1 Qa2 33. Kh1 Kg7 34. Bg1 Qb2 35. Bh2 Bf2 36. Bg1 Bd4 37. Bh2 Kf6 38. Bg1 Ke6 39. Bh2 Kd7 40. Bg1 h4 41. Kh2 Qa2 42. Bxd4 exd4 43. Qxd4 Qxb3 44. Qf6 Qe6 45. Qxh4 Qe5+ 46. Qg3 Qb2 47. Qg4+ Ke7 48. Qf4 Qg7 49. h4 Qh8 50. Kh3 Qa1 51. g4 Qh1+ 52. Kg3 Qg1+ 53. Kh3 Qf1+ 54. Kg3 Qe1+ 55. Kh3 Qf2 0-1


[Site "https://www.chess.com"]

[Event "Titled Tuesday Blitz January 10 Early 2023"]
[White "Stanojevic, Ilija"]
[Black "Hambleton, Aman"]
[WhiteFideId "959995"]
[BlackFideId "2606577"]
[WhiteElo "2142"]
[BlackElo "2420"]
[Result "0-1"]
[Round "02"]
[TimeControl "180+2"]
[Date "2023.01.10"]
[WhiteClock "0:00:55"]
[BlackClock "0:00:47"]

1. d4 Nf6 2. c4 e6 3. g3 c5 4. d5 exd5 5. cxd5 d6 6. Nc3 g6 7. Bg2 Bg7 8. Nf3 O-O 9. O-O Nbd7 10. Bf4 Qe7 11. Re1 a6 12. a4 Ng4 13. e4 Re8 14. h3 Nge5 15. Bg5 Nxf3+ 16. Qxf3 Qxg5 17. a5 h5 18. h4 Qf6 19. Qd3 Ne5 20. Qc2 Nf3+ 21. Bxf3 Qxf3 22. Qe2 Qxe2 23. Rxe2 Bg4 24. Ree1 Bf3 0-1


[Site "https://www.chess.com"]

[Event "Titled Tuesday Blitz January 10 Early 2023"]
[White "Wahedi, Ahmad Siar"]
[Black "Klukin, Kirill"]
[WhiteFideId "4651260"]
[BlackFideId "24199273"]
[WhiteElo "2274"]
[BlackElo "2390"]
[Result "0-1"]
[Round "02"]
[TimeControl "180+2"]
[Date "2023.01.10"]
[WhiteClock "0:01:10"]
[BlackClock "0:01:24"]

1. e4 g6 2. Nc3 Bg7 3. g3 e6 4. Bg2 Ne7 5. Nge2 O-O 6. h4 h6 7. d3 d5 8. exd5 Nxd5 9. Nxd5 exd5 10. c3 c6 11. Be3 Bg4 12. Qd2 Kh7 13. d4 Nd7 14. O-O Re8 15. f3 Be6 16. Nf4 Nf8 17. Rae1 Qd7 18. h5 g5 19. Nxe6 Nxe6 20. f4 gxf4 21. Bxf4 Nxf4 22. Qxf4 Rxe1 23. Rxe1 Re8 24. Rxe8 Qxe8 25. Kf2 Qe7 26. Bh3 Bf6 27. Bf5+ Kg7 28. Qe3 Qd6 29. b3 Qa3 30. Qe2 Qc1 31. Bc2 Bg5 32. Qd3 Kf8 33. c4 Qh1 34. cxd5 cxd5 35. Qe2 Bf6 36. Qd2 Qh2+ 37. Ke3 Bg5+ 0-1


[Site "https://www.chess.com"]

[Event "Titled Tuesday Blitz January 10 Early 2023"]
[White "Mogirzan, Matei-Valeriu"]
[Black "Csonka, Balazs"]
[WhiteFideId "1257455"]
[BlackFideId "742910"]
[WhiteElo "1813"]
[BlackElo "2496"]
[Result "0-1"]
[Round "02"]
[TimeControl "180+2"]
[Date "2023.01.10"]
[WhiteClock "0:00:24"]
[BlackClock "0:00:57"]

1. e4 Nf6 2. e5 Nd5 3. c4 Nb6 4. c5 Nd5 5. Nc3 Nxc3 6. bxc3 e6 7. Nf3 Bxc5 8. d4 Be7 9. Bd3 b6 10. Be4 c6 11. h4 Ba6 12. h5 h6 13. Rh3 d5 14. Bc2 Qc7 15. Rg3 Bf8 16. Nh4 c5 17. a3 Nc6 18. f4 O-O-O 19. f5 Kb8 20. Bf4 cxd4 21. cxd4 Nxd4 22. Qxd4 Qxc2 23. Rc3 Qe2# 0-1


[Site "https://www.chess.com"]